 Dungeon Crawl Stone Soup version 0.27.0-1-g7a089689b8 (webtiles) character file.

Game seed: 2364549107268676315

329 bnorton916 the Conjurer (level 6, 0/32 HPs)
             Began as a Deep Elf Conjurer on Aug 1, 2021.
             Slain by Grinder (8 damage)
             ... on level 3 of the Dungeon.
             The game lasted 00:06:35 (4043 turns).

bnorton916 the Conjurer (Deep Elf Conjurer)         Turns: 4043, Time: 00:06:36

Health: 0/32       AC:  3    Str:  4    XL:     6   Next: 25%
Magic:  3/17       EV: 13    Int: 25    God:
Gold:   133        SH:  0    Dex: 19    Spells: 7/18 levels left

rFire    . . .     SeeInvis .   b - +2 dagger (protect)
rCold    . . .     Faith    .   (no shield)
rNeg     . . .     Spirit   .   a - +0 robe
rPois    .         Reflect  .   (no helmet)
rElec    .         Harm     .   c - +0 cloak
rCorr    .         Rampage  .   (no gloves)
Will     .....                  (no boots)
Stlth    ++........             (no amulet)
HPRegen  0.10/turn              j - +6 ring of dexterity
MPRegen  0.15/turn              (no ring)

@: no status effects
A: no striking features
a: no special abilities


You were on level 3 of the Dungeon.
You visited 1 branch of the dungeon, and saw 4 of its levels.

You collected 133 gold pieces.

Inventory:

Hand Weapons
 b - a +2 dagger of protection (weapon)
Missiles
 d - 14 poisoned darts (quivered)
 n - 3 throwing nets
Armour
 a - a +0 robe (worn)
 c - a +0 cloak (worn)
Magical Staves
 f - a staff of fire
Jewellery
 j - a +6 ring of dexterity (left hand)
Scrolls
 h - a scroll of silence {unknown}
 m - a scroll of summoning {unknown}
 o - 3 scrolls of identify {unknown}
 q - a scroll of noise {unknown}
Potions
 e - a potion of haste {unknown}
 g - 2 potions of flight {unknown}
 i - a potion of curing
 k - a potion of attraction {unknown}
 l - a potion of might {unknown}
 p - a potion of cancellation {unknown}


   Skills:
 - Level 2.4 Dodging
 - Level 2.4 Stealth
 + Level 6.5 Spellcasting
 + Level 6.6 Conjurations
 + Level 0.4 Hexes
 + Level 0.3 Translocations


You had 7 spell levels left.
You knew the following spells:

 Your Spells              Type           Power      Damage    Failure   Level
a - Magic Dart            Conj           100%       1d8       1%          1
b - Searing Ray           Conj           82%        3d6       1%          2
c - Fulminant Prism       Conj/Hex       12%        3d9       16%         4
d - Iskenderun's Mystic   Conj/Tloc      25%        2d7       17%         4

Your spell library contained the following spells:

 Spells                   Type           Power      Damage    Failure   Level
 Dazzling Flash           Conj/Hex       50%        N/A       4%          3


Dungeon Overview and Level Annotations

Branches:
Dungeon (4/15)
 Temple: D:4-7

Altars:
Xom

Shops:
D:2 =   D:3 !

Annotations:
D:3 Grinder


Message History

The iguana is heavily wounded. (Press . to maintain the ray.) Grinder gestures at you.
You struggle to resist.
The searing ray hits the iguana.
The iguana is severely wounded.
Unknown command.
The searing ray misses the iguana.
Unknown command.
Grinder hits you.
You writhe in agony.
The iguana closely misses you.
You climb upwards.
There is a stone staircase leading down here.
Casting: Searing Ray (safe; 1% risk of failure)
Confirm with . or Enter, or press ? or * to list all spells.
Aiming: Searing Ray (safe; 1% risk of failure)
Press: ? - help, Shift-Dir - straight line, f - iguana
Aim: an iguana (severely wounded, 84% to hit)
The searing ray hits the iguana.
You kill the iguana! (Press . to maintain the ray.) Grinder hits you!
You writhe in agony.
Casting: Searing Ray (safe; 1% risk of failure)
Confirm with . or Enter, or press ? or * to list all spells.
Restarting spell: Searing Ray (safe; 1% risk of failure)
Press: ? - help, Shift-Dir - straight line, f - Grinder
Aim: Grinder (moderately wounded, 80% to hit)
The searing ray misses Grinder. (Press . to maintain the ray.) Grinder hits you.
You writhe in agony.
* * * LOW HITPOINT WARNING * * *
The searing ray hits Grinder!
Grinder is heavily wounded.
Grinder drinks a potion.
Grinder is healed!
The searing ray hits Grinder!
Grinder is severely wounded.
Grinder closely misses you.
The searing ray hits Grinder!
Grinder is almost dead.
You finish channeling your searing ray.
Grinder hits you!
You die...

#.#.......(....[..#
#.######.#######[.#
#.# #.# #..# #.#
##.# #..#
#.#####..# #..#
#........# #..#
#######..# #..#
#..#######.5#
#######
#........†@.#
#......
#.#########.#
#.##### #.# #.# #.#
#####.#########.#
#.#
#...............#
#.#
#.###.###########
#.# ###.###.# #.#
## ......#.# #.# #.
####..#.#
##############.# #.


You could see Grinder.

Vanquished Creatures
  A jelly (D:4)
  An iguana (D:3)
  4 orc wizards (D:3)
  4 gnolls
  4 adders
  A worm (D:2)
  A dart slug (D:2)
  12 orcs
  4 endoplasms
  A giant cockroach (D:2)
  7 goblins
  13 hobgoblins
  4 jackals (D:1)
  9 kobolds
  2 quokkas
  7 ball pythons
  6 bats
  3 frilled lizards
  3 rats
87 creatures vanquished.

Vanquished Creatures (others)
  A fulminant prism (D:4)
1 creature vanquished.

Grand Total: 88 creatures vanquished

Notes
Turn   | Place    | Note
-------+----------+-------------------------------------------
     0 | D:1      | bnorton916 the Deep Elf Conjurer began the quest for the
                  | Orb.
     0 | D:1      | Reached XP level 1. HP: 10/10 MP: 6/6
   206 | D:1      | Found a faded altar of an unknown god.
   807 | D:1      | Reached XP level 2. HP: 15/15 MP: 3/8
   810 | D:1      | Learned a level 2 spell: Searing Ray
  1177 | D:1      | Reached skill level 5 in Conjurations
  1177 | D:1      | Reached XP level 3. HP: 19/19 MP: 5/10
  1385 | D:2      | Found Buiz's Jewellery Shop.
  1878 | D:2      | Reached XP level 4. HP: 24/24 MP: 8/12
  2240 | D:2      | Reached skill level 5 in Spellcasting
  2650 | D:3      | Reached XP level 5. HP: 28/28 MP: 9/14
  3221 | D:3      | Found Kuefef's Distillery.
  3426 | D:3      | Found a shimmering altar of Xom.
  3435 | D:3      | Found a shimmering altar of Xom.
  3435 | D:3      | Found a shimmering altar of Xom.
  3859 | D:4      | Reached XP level 6. HP: 32/32 MP: 11/17
  3995 | D:3      | Learned a level 4 spell: Fulminant Prism
  4000 | D:3      | Learned a level 4 spell: Iskenderun's Mystic Blast
  4024 | D:4      | Noticed Grinder
  4043 | D:3      | Slain by Grinder

Illustrated notes

Levels and vault maps discovered:
D:1:      matt_arrival_refuge, layout_basic, chequers_ecumenical_altar_island,
          minmay_misc_feat_encased, chequers_serial_rivers_micro_b,
          hex_intersection
D:2:      layout_basic, serial_shops, shop_fountains
D:3:      layout_loops_ring, xom_redecorated, serial_shops, nicolae_square_shop
D:4:      layout_cave_pools, worldfamousw_hep_ancestral_shrine,
          minmay_pentomino_pile, uniq_grinder

Skill      XL: |  1  2  3  4  5 |
---------------+----------------+-----
Spellcasting   | 4 5 6 |  6.5
Conjurations   | 5 6 |  6.6
Dodging        | |  2.4
Stealth        | |  2.4
Hexes          | |  0.4
Translocations | |  0.3

Action                   |  1- 3 |  4- 6 || total
-------------------------+-------+-------++-------
Melee: Unarmed           |     2 |       ||     2
       Dagger            |       |    11 ||    11
Throw: Dart              |    17 |     3 ||    20
 Cast: Magic Dart        |    67 |    80 ||   147
       Searing Ray       |     2 |    11 ||    13
       Fulminant Prism   |       |     1 ||     1
  Use: Potion            |     2 |       ||     2
Armor: Robe              |     2 |     3 ||     5
Dodge: Dodged            |    16 |    24 ||    40
